 Dungeon Crawl Stone Soup version 0.20-a0-738-gb057e68 (webtiles) character file.

107 polly the Slasher (level 4, 0/35 HPs)
             Began as a Demonspawn Gladiator on Feb 24, 2017.
             Killed by nerve-wracking pain
             ... invoked by Grinder
              (1 damage)
             ... on level 3 of the Dungeon.
             The game lasted 00:03:10 (2001 turns).

polly the Slasher (Demonspawn Gladiator)            Turns: 2001, Time: 00:03:11

Health: 0/35       AC: 12    Str: 16    XL:     4   Next: 57%
Magic:  4/4        EV:  3    Int:  9    God:
Gold:   118        SH:  0    Dex: 17    Spells: 3/3 levels left

rFire    . . .     SeeInvis .   a - +0 long sword
rCold    . . .     Gourm    .   i - +0 plate armour
rNeg     . . .     Faith    .   (no shield)
rPois    .         Spirit   .   c - +0 helmet
rElec    .         Reflect  .   (no cloak)
rCorr    .         Harm     .   (no gloves)
MR       .....                  (no boots)
Stlth    ..........             (no amulet)
Regen    0.2/turn               k - +3 ring of dexterity
MPRegen  0.1/turn               l - -2 ring of evasion (curse)

@: no status effects
A: rugged brown scales 1
a: no special abilities


You were on level 3 of the Dungeon.
You were hungry.

You visited 1 branch of the dungeon, and saw 3 of its levels.

You collected 118 gold pieces.

Inventory:

Hand Weapons
 a - a +0 long sword (weapon)
Armour
 b - a +0 leather armour
 c - a +0 helmet (worn)
 i - a +0 plate armour (worn)
Jewellery
 k - a +3 ring of dexterity (right hand)
 l - a cursed -2 ring of evasion (left hand)
 r - an uncursed ring of poison resistance {unknown}
Wands
 h - a wand of clouds (2/9)
Scrolls
 e - a scroll of immolation {unknown}
 n - a scroll of recharging {unknown}
 o - a scroll of identify
 p - a scroll of noise {unknown}
 q - a scroll of blinking {unknown}
Comestibles
 f - 4 bread rations
 g - 2 meat rations


   Skills:
 + Level 2.6 Fighting
 + Level 3.9 Long Blades
 + Level 2.1 Throwing
 + Level 1.0 Armour
 + Level 2.9 Dodging
 + Level 0.2 Stealth


You had 3 spell levels left.
You didn't know any spells.

Dungeon Overview and Level Annotations

Branches:
Dungeon (3/15)

Altars:

Annotations:
D:3 Grinder


Innate Abilities, Weirdness & Mutations

You are partially covered in rugged brown scales. (AC +1, +3% HP)


Message History

You feel better. Grinder completely misses you.
You hit Grinder but do no damage.
Grinder is heavily wounded.
Grinder barely misses you.
You hit Grinder.
Grinder is severely wounded.
Grinder hits you.
* * * LOW HITPOINT WARNING * * *
Grinder hits you but does no damage.
You slash Grinder!
Grinder is almost dead.
Grinder hits you.
* * * LOW HITPOINT WARNING * * *
You writhe in agony.
* * * LOW HITPOINT WARNING * * *
You hit Grinder.
Grinder is almost dead.
Grinder gestures at you. Pain shoots through your body!
You die...

# #..# #.#.(#
.###.#..###.#
............#
######..#####
######..# #.......#
#.#####5# #.#
#@###### #.#
#.().(.# # #.#
#.####<# .$. #.# #.#
#.#
.....####.#####.#
#.#
#...†....†.<..####.#
##.###.............#
#.......#########
#.....<......


You could see Grinder.

Vanquished Creatures
  Jessica (D:2)
  An adder (D:3)
  An ooze (D:2)
  4 worms
  A dart slug (D:1)
  A leopard gecko (D:2)
  An orc (D:3)
  5 bats
  4 giant cockroaches
  8 goblins
  7 hobgoblins
  A quokka (D:2)
  4 frilled lizards
  7 kobolds
  8 rats
54 creatures vanquished.

Notes
Turn   | Place    | Note
-------+----------+-------------------------------------------
     0 | D:1      | polly the Demonspawn Gladiator began the quest for the Orb.
     0 | D:1      | Reached XP level 1. HP: 16/16 MP: 1/1
   262 | D:1      | Reached skill level 3 in Long Blades
   308 | D:1      | Gained mutation: You are partially covered in rugged brown scales. (AC +1, +3% HP) [demonic ancestry]
   308 | D:1      | Reached XP level 2. HP: 16/22 MP: 2/2
   834 | D:2      | Reached XP level 3. HP: 21/28 MP: 3/3
  1056 | D:2      | Noticed Jessica
  1072 | D:2      | Killed Jessica
  1374 | D:2      | Reached XP level 4. HP: 28/35 MP: 4/4
  1779 | D:2      | Reached skill level 1 in Armour
  1951 | D:3      | Noticed Grinder
  1954 | D:3      | Paralysed by Grinder for 3 turns
  1986 | D:3      | Paralysed by Grinder for 6 turns
  2000 | D:3      | HP: 1/35 [Grinder (3)]
  2001 | D:3      | Killed from afar by Grinder

Vault maps used:
D:1:      elethiomel_arrival_quiet
D:2:      first_bread, uniq_jessica
D:3:      lemuel_round_altar, gammafunk_temple_overflow_elements, uniq_grinder

Skill      XL: |  1  2  3  4 |
---------------+-------------+-----
Long Blades    | 3 |  3.9
Throwing       | 2 |  2.1
Armour         | 1 |  1.0
Fighting       | |  2.6
Dodging        | |  2.9
Stealth        | |  0.2

Action                   |  1- 3 |  4- 6 || total
-------------------------+-------+-------++-------
Melee: Long sword        |   125 |    87 ||   212
Throw: Throwing net      |     2 |     2 ||     4
  Use: Scroll            |     3 |       ||     3
       Potion            |     1 |     3 ||     4
 Stab: Sleeping          |     1 |       ||     1
       Held in net/web   |     1 |     1 ||     2
  Eat: Chunk             |     1 |     2 ||     3
Armor: Leather armour    |    11 |       ||    11
       Plate armour      |    72 |    81 ||   153
Dodge: Dodged            |    51 |    18 ||    69
       Rpst.: Long sword |    13 |     5 ||    18
